 Dungeon Crawl Stone Soup version 0.23.0 (webtiles) character file.

Game seed: 4508273901254543247

15124 MovingMist the Protected (level 12, 0/77 HPs)
             Began as a Gargoyle Fighter on Feb 18, 2019.
             Was a High Priest of Okawaru.
             Slain by a spiny frog (15 damage)
             ... on level 2 of the Lair of Beasts.
             The game lasted 00:30:58 (10910 turns).

MovingMist the Protected (Gargoyle Fighter)        Turns: 10910, Time: 00:30:59

Health: 0/77       AC: 22    Str: 28    XL:     12   Next: 23%
Magic:  17/19      EV: 15    Int: 11    God:    Okawaru [*****.]
Gold:   824        SH:  0    Dex: 20    Spells: 18/21 levels left

rFire    . . .     SeeInvis +   w - +9 scythe of Gideucruqi {slice, *Slow Dex+8 SInv}
rCold    . . .     Gourm    .   (shield currently unavailable)
rNeg     + . .     Faith    .   W - +0 ring mail of the Dropbear {Regen+ Str+4}
rPois    ∞         Spirit   .   V - +0 helmet
rElec    +         Reflect  .   X - +0 cloak {rPois}
rCorr    .         Harm     .   z - +0 pair of gloves
MR       .....                  (no boots)
Stlth    +++.......             N - amulet of regeneration
HPRegen  1.02/turn              o - +3 ring of slaying
MPRegen  0.16/turn              H - +4 ring of strength

@: heroism
A: negative energy resistance 1, electricity resistance, unbreathing,
petrification resistance, rot immunity, AC +8
a: Heroism, Finesse, Renounce Religion


You were on level 2 of the Lair of Beasts.
You worshipped Okawaru.
Okawaru was extremely pleased with you.
You were not hungry.

You visited 3 branches of the dungeon, and saw 14 of its levels.

You collected 850 gold pieces.
You spent 26 gold pieces at shops.

Inventory:

Hand Weapons
 w - the +9 scythe of Gideucruqi (weapon) {slice, *Slow Dex+8 SInv}
   (You found it on level 4 of the Dungeon)

   It inflicts extra damage upon your enemies.
   It affects your dexterity (+8).
   It lets you see invisible.
   It may slow you when you take damage.
 S - the +8 mace of the Harvest {freeze, Dex+4}
   (You found it on level 1 of the Lair of Beasts)

   It has been specially enchanted to freeze those struck by it, causing extra
   injury to most foes and up to half again as much damage against particularly
   susceptible opponents.
   It can also slow down cold-blooded creatures.
   It affects your dexterity (+4).
Armour
 c - a +0 shield
 y - a +0 plate armour
 z - a +0 pair of gloves (worn)
 V - a +0 helmet (worn)
 W - the +0 ring mail of the Dropbear (worn) {Regen+ Str+4}
   (You found it on level 2 of the Lair of Beasts)

   It affects your strength (+4).
   It increases your rate of regeneration.
 X - a +0 cloak of poison resistance (worn)
Jewellery
 a - a +1 ring of protection {unknown}
 o - a +3 ring of slaying (left hand)
 B - an uncursed ring of protection from magic
 F - an uncursed ring of wizardry {unknown}
 H - a +4 ring of strength (right hand)
 N - an amulet of regeneration (around neck)
 O - a cursed ring of attention {unknown}
 Q - an uncursed ring of fire {unknown}
 T - an uncursed ring of flight {unknown}
 Z - an uncursed amulet of magic regeneration {unknown}
Wands
 v - a wand of flame (20)
 D - a wand of iceblast (13)
 K - a wand of digging (5)
 Y - a wand of polymorph (4)
Scrolls
 b - 6 scrolls of blinking {unknown}
 g - 3 scrolls of random uselessness {unknown}
 i - 7 scrolls of remove curse {unknown}
 j - 2 scrolls of enchant weapon {unknown}
 l - 4 scrolls of immolation {unknown}
 m - 6 scrolls of teleportation {unknown}
 q - 3 scrolls of enchant armour {unknown}
 u - a scroll of fear {unknown}
 x - a scroll of noise {unknown}
 C - 3 scrolls of amnesia {unknown}
 I - 2 scrolls of brand weapon {unknown}
 P - 2 scrolls of fog {unknown}
Potions
 d - 3 potions of might
 e - 3 potions of heal wounds {unknown}
 h - a potion of ambrosia {unknown}
 k - 2 potions of flight
 n - 3 potions of curing {unknown}
 p - 2 potions of agility {unknown}
 r - a potion of invisibility {unknown}
 s - 2 potions of lignification {unknown}
 t - 10 potions of brilliance {unknown}
 A - 2 potions of experience {unknown}
 E - a potion of haste {unknown}
 J - 2 potions of magic {unknown}
 L - 2 potions of resistance {unknown}
 M - 2 potions of mutation {unknown}
 R - a potion of berserk rage {unknown}
Comestibles
 f - 17 rations
 G - 6 chunks of flesh


   Skills:
 + Level 10.2(15.2) Fighting
 - Level 3.0(8.0) Maces & Flails
 + Level 7.7(12.7) Polearms
 + Level 11.2(16.2) Armour
 - Level 5.9(10.9) Shields
 - Level 5.2 Spellcasting
 * Level 6.1 Charms
 - Level 4.5 Necromancy


You had 18 spell levels left.
You knew the following spells:

 Your Spells              Type           Power        Failure   Level  Hunger
a - Regeneration          Chrm/Necr      ##........   9%          3    ###....

Your spell library contained the following spells:

 Spells                   Type           Power        Failure   Level  Hunger
 Animate Skeleton         Necr           N/A          4%          1    None
 Pain                     Necr           ##..         4%          1    None
 Vampiric Draining        Necr           ##........   12%         3    ###....
 Confusing Touch          Hex            #.....       26%         1    None
 Flame Tongue             Conj/Fire      #....        26%         1    None
 Magic Dart               Conj           #...         26%         1    None
 Blink                    Tloc           N/A          38%         2    ##.....
 Call Imp                 Summ           #.......     38%         2    ##.....
 Slow                     Hex            #.......     38%         2    ##.....
 Throw Flame              Conj/Fire      #.....       38%         2    ##.....
 Animate Dead             Necr           N/A          38%         4    ####...
 Confuse                  Hex            #.......     63%         3    ###....
 Conjure Flame            Conj/Fire      #.......     63%         3    ###....
 Gell's Gravitas          Tloc           #.........   63%         3    ###....
 Inner Flame              Hex/Fire       #.......     63%         3    ###....
 Mephitic Cloud           Conj/Pois/Air  #.......     63%         3    ###....
 Petrify                  Tmut/Erth      #.......     95%         4    ####...
 Sticky Flame             Conj/Fire      #.......     95%         4    ####...
 Fireball                 Conj/Fire      #.........   100%        5    ######.
 Metabolic Englaciation   Hex/Ice        #.........   100%        5    ######.
 Yara's Violent Unravell  Hex/Tmut       #.........   100%        5    ######.


Dungeon Overview and Level Annotations

Branches:
Dungeon (11/15)            Temple (1/1) D:6            Lair (2/6) D:9
  Snake (0/4) Lair:2
  Swamp: Lair:2-4    Shoals: Lair:2-4       Orc: D:9-12

Altars:
Ashenzari
Okawaru
Qazlal
Ru
Xom
Zin
Jiyva

Shops:
D:4 }   D:9 *

Portals:
Trove: D:10 (give +7 demon trident)
Ice
Cave: Lair:2

Annotations:
D:8 3 runed translucent doors


Innate Abilities, Weirdness & Mutations

You are resistant to torment.
Your stone body is resilient. (AC +8)
You are immune to poison.
You resist negative energy. (rN+)
You are resistant to electric shocks. (rElec)
You can survive without breathing.
You are immune to petrification.
You are immune to rotting.


Message History

The white imp misses you. The wolf bites you but does no damage.
The wolf barely misses you. The white imp misses you.
The white imp gestures at you. The puff of frost misses you.
The puff of frost hits the white imp.
The white imp resists.
The bullfrog hits you. The white imp misses you.
The white imp hits you but does no damage.
You slash the wolf!
You kill the wolf!
Okawaru accepts your kill. The wolf bites you but does no damage.
The bullfrog barely misses you. The wolf bites you.
The white imp hits you but does no damage.
The white imp gestures at you. The puff of frost hits you!
* * * LOW HITPOINT WARNING * * *
The white imp barely misses you.
The white imp hits you but does no damage.
The bullfrog hits you but does no damage.
The spiny frog stings you!
You die...

,,,,,,,,,,,........###..P###..,,,
,<,,,*,,,,,>.8.....##........?,,,
,,,,,*,,,,,,..#....##..##.....,,,
8,8,,*,,**,8,#.#....#...#......,,
,,,,*,,,******#....†......P....,,
,,,,,,,,* ##............#..,,
,,,**,**** ***#F..#†..####.##P,,
*,*,,,,,,####.##5F(.....#*,,.,,,,
,,,,,,*,,.....55@55#.......,,,,,,
,,,,,*,,,.####5hF5.!../....,,,,,,
*+,**,,,,,,,#..S5..#........,,,,,
*,,,,,,,,,,...$..#..........,,,,,
,,,,*,*,,..%.....#.......#.,,,,,,
,,****,*,..∩.....##.......,,,,,,,
,,*,,,,,,.........,..P###*****,,*
*,,,,,,,,.........,..## ****
,,,,,,,,,,,,,,,,,,,,**


You could see a spiny frog, a water moccasin, a wolf, 2 bullfrogs and 8 white
imps.

Vanquished Creatures
  2 two-headed ogres
  The ghost of EtherCrawl the Arsonist, a novice DEFE of Vehumet (D:8)
  A black mamba (Lair:1)
  2 spiny frogs
  3 komodo dragons (Lair:1)
  A hornet (D:9)
  8 hippogriffs
  2 slime creatures (D:8)
  Grinder (D:6)
  A vampire (D:9)
  Eustachio (D:6)
  7 yaks
  4 wyverns
  A hungry ghost (D:10)
  Menkaure (D:6)
  4 nagas (Lair:2)
  A porcupine (Lair:1)
  6 orc warriors
  3 water moccasins
  3 ice beasts
  3 sky beasts
  4 phantoms
  2 eyes of draining
  A necrophage (D:8)
  7 ogres
  7 wolves
  5 crocodiles
  4 centaurs
  2 big kobolds
  6 bullfrogs
  A wyvern zombie (D:6)
  A wyvern skeleton (D:9)
  2 scorpions (D:8)
  2 howler monkeys
  9 wights
  A crimson imp (D:8)
  A bullfrog zombie (D:10)
  7 jellies
  2 centaur skeletons
  2 hounds
  4 orc priests
  9 orc wizards
  2 iguanas
  9 worker ants
  A killer bee zombie (D:10)
  6 gnolls
  13 adders
  2 shadow imps
  3 white imps (Lair:2)
  A worker ant simulacrum (D:8)
  An ooze (D:3)
  5 worms
  2 dart slugs (D:1)
  5 leopard geckos
  17 orcs
  11 giant cockroaches
  11 hobgoblins
  13 jackals
  4 quokkas
  A ball python skeleton (D:4)
  4 bats
  2 frilled lizards
  6 goblins
  A jackal skeleton (D:5)
  A jackal zombie (D:5)
  15 kobolds
  A quokka zombie (D:9)
  7 rats
  A fungus (Lair:2)
280 creatures vanquished.

Vanquished Creatures (others)
  2 fungi (Lair:2)
  2 plants
4 creatures vanquished.

Grand Total: 284 creatures vanquished

Notes
Turn   | Place    | Note
-------+----------+-------------------------------------------
     0 | D:1      | MovingMist the Gargoyle Fighter began the quest for the
                  | Orb.
     0 | D:1      | Reached XP level 1. HP: 14/14 MP: 1/1
   123 | D:1      | Reached XP level 2. HP: 19/19 MP: 2/2
   347 | D:1      | Reached XP level 3. HP: 23/23 MP: 3/3
  1017 | D:2      | Reached skill level 4 in Armour
  1264 | D:2      | Reached XP level 4. HP: 29/29 MP: 4/4
  1887 | D:3      | Reached XP level 5. HP: 28/33 MP: 5/5
  1902 | D:3      | Found a stormy altar of Qazlal.
  2509 | D:4      | Got a brightly glowing scythe
  2511 | D:4      | Identified the +9 scythe of Gideucruqi {slice, *Slow Dex+8
                  | SInv} (You found it on level 4 of the Dungeon)
  2593 | D:4      | Reached skill level 5 in Armour
  2679 | D:4      | Reached XP level 6. HP: 39/39 MP: 6/6
  2752 | D:4      | Noticed a phantom
  2766 | D:4      | Killed a phantom
  2766 | D:4      | Reached skill level 1 in Polearms
  2789 | D:4      | Found an ornate altar of the Wu Jian Council.
  2792 | D:4      | Found an iron altar of Okawaru.
  2792 | D:4      | Found a snail-covered altar of Cheibriados.
  2794 | D:4      | Found a sacrificial altar of Ru.
  2794 | D:4      | Found a shimmering altar of Xom.
  2794 | D:4      | Found a glowing silver altar of Zin.
  2907 | D:4      | Reached XP level 7. HP: 44/44 MP: 7/7
  2910 | D:4      | Found Oluetzur's Gadget Shoppe.
  3135 | D:5      | Entered Level 5 of the Dungeon
  3386 | D:5      | Reached skill level 6 in Armour
  3399 | D:5      | Reached skill level 5 in Fighting
  3609 | D:6      | Noticed Menkaure
  3616 | D:6      | Killed Menkaure
  3616 | D:6      | Reached skill level 5 in Shields
  3889 | D:6      | Reached XP level 8. HP: 44/50 MP: 8/8
  3923 | D:6      | Noticed Eustachio
  3929 | D:6      | Killed Eustachio
  3929 | D:6      | Reached skill level 7 in Armour
  4091 | D:6      | Noticed Grinder
  4091 | D:6      | Paralysed by Grinder for 2 turns
  4096 | D:6      | Paralysed by Grinder for 7 turns
  4108 | D:6      | Paralysed by Grinder for 7 turns
  4127 | D:6      | Killed Grinder
  4182 | D:6      | Found a staircase to the Ecumenical Temple.
  4232 | Temple   | Entered the Ecumenical Temple
  4243 | Temple   | Became a worshipper of Warmaster Okawaru
  4294 | D:6      | Learned a level 3 spell: Regeneration
  4415 | D:6      | Found a shimmering altar of Xom.
  4668 | D:7      | Reached skill level 1 in Necromancy
  4790 | D:7      | Reached skill level 8 in Armour
  4835 | D:7      | Reached XP level 9. HP: 56/56 MP: 9/9
  4923 | D:7      | Reached * piety under Okawaru
  5632 | D:8      | Found a runed translucent door.
  5632 | D:8      | Noticed a cyclops
  5633 | D:8      | Noticed a death knight
  5634 | D:8      | Noticed a two-headed ogre
  5635 | D:8      | Found a runed translucent door.
  5635 | D:8      | Found a runed translucent door.
  5649 | D:8      | Noticed a two-headed ogre
  5654 | D:8      | Killed a two-headed ogre
  5654 | D:8      | Reached ** piety under Okawaru
  5856 | D:8      | Reached skill level 9 in Armour
  5860 | D:8      | Found a runed translucent gate.
  5861 | D:8      | Found a runed translucent gate.
  5862 | D:8      | Found a runed translucent gate.
  5866 | D:8      | Found a viscous altar of Jiyva.
  5866 | D:8      | Noticed EtherCrawl's ghost (novice DEFE)
  5882 | D:8      | Reached skill level 5 in Polearms
  5882 | D:8      | Reached XP level 10. HP: 63/63 MP: 9/11
  5899 | D:7      | Reached skill level 1 in Spellcasting
  5923 | D:8      | Killed EtherCrawl's ghost
  6653 | D:8      | Reached *** piety under Okawaru
  6993 | D:9      | Got a crude scythe
  6994 | D:9      | Identified the +7 scythe of Sulphur {freeze, rN+ MR+ MP-9
                  | Int+2} (You found it on level 9 of the Dungeon)
  7235 | D:9      | Reached **** piety under Okawaru
  7387 | D:9      | Reached skill level 5 in Spellcasting
  7390 | D:9      | You fall through a shaft for 2 floors!
  7489 | D:11     | Reached skill level 10 in Armour
  7489 | D:11     | Reached XP level 11. HP: 53/69 MP: 18/18
  7600 | D:10     | Entered Level 10 of the Dungeon
  7774 | D:10     | Reached skill level 1 in Charms
  7811 | D:10     | Identified the ring "Ziebium" {rF+ SInv Stlth+}
  7844 | D:10     | Found a portal to a secret trove of treasure.
  7849 | D:10     | Noticed a two-headed ogre
  7856 | D:10     | Killed a two-headed ogre
  7914 | D:9      | Found a staircase to the Lair.
  8336 | D:9      | Found Paphapt's General Store.
  8342 | D:9      | Bought a scroll of identify for 26 gold pieces
  8504 | D:10     | Reached ***** piety under Okawaru
  9467 | Lair:1   | Entered Level 1 of the Lair of Beasts
  9790 | Lair:1   | Got an ichor-stained mace
  9829 | Lair:1   | Identified the +8 mace of the Harvest {freeze, Dex+4} (You
                  | found it on level 1 of the Lair of Beasts)
 10066 | Lair:1   | Reached skill level 5 in Charms
 10358 | Lair:1   | Received a gift from Okawaru
 10358 | Lair:1   | Reached XP level 12. HP: 77/77 MP: 19/19
 10423 | Lair:1   | Reached skill level 10 in Fighting
 10423 | Lair:1   | Reached skill level 11 in Armour
 10660 | Lair:2   | Found a staircase to the Snake Pit.
 10698 | Lair:2   | HP: 3/77 [something (16)]
 10864 | Lair:2   | Got a brightly glowing ring mail
 10866 | Lair:2   | Identified the +0 ring mail of the Dropbear {Regen+ Str+4}
                  | (You found it on level 2 of the Lair of Beasts)
 10895 | Lair:2   | Found a frozen archway.
 10910 | Lair:2   | Slain by a spiny frog

Skill      XL: |  1  2  3  4  5  6  7  8  9 10 11 12 |
---------------+-------------------------------------+-----
Armour         | 4 5 6 8 9 10 11 | 11.2
Fighting       | 4 5 6 7 8 9 10 | 10.2
Shields        | 4 5 |  5.9
Maces & Flails | 3 |  3.0
Polearms       | 1 2 3 5 6 7 |  7.7
Necromancy     | 2 4 |  4.5
Spellcasting   | 5 |  5.2
Charms         | 5 6 |  6.1

Action                   |  1- 3 |  4- 6 |  7- 9 | 10-12 || total
-------------------------+-------+-------+-------+-------++-------
Melee: Flail             |   102 |    91 |       |       ||   193
       Scythe            |       |    37 |   123 |   376 ||   536
Invok: Heroism           |       |       |       |     1 ||     1
  Use: Scroll            |     1 |     4 |     3 |     5 ||    13
  Eat: Chunk             |     1 |     6 |     3 |     8 ||    18
       Ration            |       |       |     2 |     4 ||     6
Armor: Scale mail        |    52 |    16 |       |       ||    68
       Chain mail        |       |    56 |       |       ||    56
       Plate armour      |       |       |    91 |   589 ||   680
       Ring mail         |       |       |       |    63 ||    63
Dodge: Dodged            |    22 |    41 |    48 |   300 ||   411
Block: Shield            |    53 |    40 |       |       ||    93
